Map: Prion Terraces

Players

llllllllllll

  • Race: Zerg Zerg
  • League: Grandmaster

Miszu - Winner!

  • Race: Terran Terran
  • League: Grandmaster

VOD

Have the link to the VOD?

Description

Time

  • Played on: Feb. 22, 2016, 7:24 a.m.
  • Length: 10:38
Show
View Real Time Build Order
Export as new Build Order

llllllllllll Zerg 

Build Orders: Hatch First 

Get SALT Encoding   

  12  0:00  Drone  
  13  0:12  Overlord  
  13  0:17  Drone  
  14  0:30  Drone x2  
  14  0:34  Drone  
  17  0:51  Hatchery  
  17  0:54  Drone  
  17  0:57  Drone  
  18  1:08  Extractor  
  17  1:12  Spawning Pool  
  17  1:15  Drone  
  17  1:19  Drone  
  18  1:27  Drone  
  19  1:38  Overlord  
  19  1:52  Drone  
  20  1:59  Queen  
  20  2:01  Zergling x2  
  23  2:03  Zergling x2, Queen  
  26  2:10  Metabolic Boost  
  26  2:13  Drone  
  28  2:15  Drone  
  28  2:23  Drone  
  28  2:27  Drone  
  30  2:33  Extractor  
  30  2:35  Queen  
  31  2:40  Queen  
  31  2:43  Overlord  
  33  2:46  Overlord  
  33  2:47  Drone x2  
  36  2:57  Zergling x2, Spine Crawler  
  36  3:04  Overlord  
  35  3:30  Drone  
  35  3:31  Drone x2  
  35  3:33  Extractor  
  37  3:37  Drone x6  
  43  3:44  Roach Warren  
  43  3:45  Hatchery  
  41  3:50  Drone x6  
  46  3:59  Overlord  
  46  4:10  Extractor  
  45  4:23  Roach  
  45  4:24  Roach x9  
  65  4:33  Roach  
  65  4:35  Overlord  
  65  4:36  Overlord  
  66  4:50  Drone  
  66  4:51  Drone x2  
  68  4:53  Overlord x3  
  68  4:55  Ravager  
  68  4:56  Ravager  
  70  5:01  Extractor  
  70  5:03  Spore Crawler  
  68  5:07  Ravager  
  68  5:08  Ravager  
  68  5:12  Drone x2  
  72  5:18  Drone x3  
  72  5:19  Drone x2  
  77  5:27  Ravager x2  
  79  5:28  Overlord  
  79  5:30  Drone x6  
  85  5:38  Drone x3  
  85  5:39  Lair, Drone  
  89  5:42  Evolution Chamber  
  89  5:44  Evolution Chamber  
  89  5:47  Drone  
  89  5:48  Drone  
  89  5:53  Drone x4  
  86  5:59  Drone  
  86  6:00  Drone x6  
  91  6:04  Drone  
  91  6:09  Extractor x2  
  87  6:13  Drone  
  87  6:15  Zerg Missile Weapons Level 1, Zerg Ground Armor Level 1  
  87  6:29  Ravager  
  87  6:32  Hatchery  
  86  6:38  Drone x10  
  92  6:43  Glial Reconstitution  
  92  6:46  Drone x5  
  92  6:47  Drone  
  98  6:53  Infestation Pit  
  97  6:57  Roach  
  97  6:58  Roach x2  
  103  7:05  Overlord  
  103  7:08  Roach  
  105  7:17  Roach  
  105  7:18  Roach x7  
  105  7:19  Pneumatized Carapace  
  112  7:32  Roach  
  112  7:33  Roach x2  
  118  7:39  Roach  
  118  7:42  Roach x3  
  121  7:47  Pathogen Glands  
  121  7:49  Hive  
  121  7:50  Overlord x2  
  121  8:01  Roach x3  
  121  8:04  Extractor  
  121  8:05  Extractor, Drone x3  
  126  8:06  Overlord  
  126  8:08  Overlord  
  126  8:09  Drone x2  
  126  8:10  Zerg Ground Armor Level 2  
  126  8:12  Zerg Melee Weapons Level 1  
  128  8:20  Infestor x3  
  134  8:31  Overseer  
  134  8:40  Roach  
  134  8:41  Roach x8  
  152  8:46  Drone x3  
  155  8:53  Overlord x4  
  155  8:54  Overlord  
  155  9:08  Overlord, Ultralisk Cavern  
  154  9:11  Queen  
  154  9:13  Drone x3  
  154  9:15  Ravager  
  154  9:16  Ravager x3  
  163  9:17  Roach x3  
  165  9:31  Roach  
  165  9:32  Roach x7  
  165  9:34  Roach x2  
  185  9:41  Roach x4  
  185  9:43  Roach  
  189  9:51  Roach x5  
  199  9:58  Roach  
  199  9:59  Roach  
  197  10:00  Roach x2  
  197  10:01  Roach  
  197  10:04  Roach x2  
  197  10:05  Roach x2  
  175  10:08  Roach  
  175  10:09  Roach  
  175  10:11  Roach  
  175  10:12  Roach  
  136  10:16  Roach  
  136  10:17  Roach  
Show
View Real Time Build Order
Export as new Build Order

Miszu Terran - Winner!

Build Orders: Liberator Opening, Reaper Expand, MMM Bio 

Get SALT Encoding   

  12  0:00  SCV  
  13  0:13  SCV  
  14  0:18  Supply Depot  
  14  0:25  SCV  
  15  0:39  SCV  
  15  0:41  Barracks  
  16  0:45  Refinery  
  16  0:52  SCV  
  17  1:04  SCV  
  18  1:18  SCV  
  19  1:30  Barracks Reactor, Orbital Command  
  19  1:32  Reaper  
  20  1:39  Command Center  
  20  1:50  Supply Depot  
  20  1:52  Refinery  
  20  1:56  SCV  
  21  2:04  Reaper  
  22  2:08  SCV  
  23  2:21  SCV  
  24  2:23  Factory  
  24  2:33  SCV  
  25  2:40  Barracks Reactor  
  25  2:45  SCV  
  26  2:53  Command Center  
  26  2:59  Orbital Command  
  26  3:02  SCV  
  26  3:14  SCV  
  26  3:19  Starport  
  26  3:22  Hellion  
  26  3:24  Hellion  
  30  3:27  SCV x2  
  30  3:32  Barracks Tech Lab  
  32  3:39  SCV  
  32  3:40  SCV  
  32  3:41  Liberator  
  34  3:44  Hellion  
  34  3:45  Hellion  
  38  3:51  SCV  
  38  3:52  SCV  
  40  3:59  Marine  
  40  4:00  Stimpack  
  44  4:03  SCV  
  44  4:04  SCV  
  44  4:06  Supply Depot  
  47  4:10  Orbital Command  
  47  4:15  SCV  
  47  4:16  SCV  
  48  4:20  Marine  
  49  4:27  Liberator, Factory Reactor, SCV  
  49  4:28  SCV  
  49  4:44  SCV  
  53  4:49  Barracks  
  53  4:50  Barracks, SCV  
  55  4:53  Refinery, Orbital Command  
  55  4:54  Refinery  
  55  4:55  Marine  
  55  4:56  SCV  
  56  5:02  SCV  
  56  5:04  Engineering Bay  
  56  5:05  Engineering Bay  
  57  5:08  SCV  
  57  5:14  Factory Tech Lab, SCV  
  58  5:19  Marine, SCV  
  58  5:20  SCV  
  62  5:26  SCV  
  63  5:31  SCV  
  63  5:32  Starport Reactor  
  63  5:33  SCV  
  63  5:34  Terran Infantry Weapons Level 1  
  63  5:35  Terran Infantry Armor Level 1  
  65  5:37  Marine  
  65  5:38  Supply Depot, SCV  
  65  5:39  Supply Depot  
  67  5:42  Marine  
  67  5:43  SCV  
  69  5:51  Marine  
  69  5:52  SCV  
  69  5:59  Marine x2  
  69  6:00  SCV x2  
  69  6:01  Marine  
  69  6:02  Marine  
  69  6:03  Combat Shields  
  73  6:04  SCV  
  73  6:06  Armory  
  73  6:08  Supply Depot, Barracks  
  73  6:09  Marine, Barracks  
  73  6:10  Supply Depot, Medivac, Siege Tank  
  79  6:12  Medivac, SCV x2  
  79  6:17  Marine x2  
  82  6:19  Marine  
  82  6:20  Marine  
  82  6:22  SCV  
  82  6:25  Refinery  
  85  6:29  Marine, SCV  
  85  6:30  SCV  
  85  6:31  Supply Depot  
  85  6:32  Supply Depot  
  88  6:36  Marine  
  88  6:37  Marine  
  88  6:39  Marauder  
  88  6:40  Medivac, SCV  
  88  6:42  SCV x2  
  88  6:43  Medivac  
  93  6:52  Marine x2, SCV  
  96  6:54  Marine  
  96  6:55  Marine  
  96  6:57  Barracks Tech Lab  
  96  6:58  Barracks Tech Lab  
  96  7:00  Marauder  
  100  7:04  Barracks, Terran Vehicle Weapons Level 1  
  100  7:05  Barracks  
  100  7:07  Barracks  
  100  7:10  Marine x2  
  100  7:12  Marine  
  100  7:13  Marine  
  100  7:14  Supply Depot  
  104  7:16  Supply Depot  
  104  7:18  Marauder  
  104  7:20  Marauder  
  104  7:21  Marauder  
  110  7:28  Marine x2  
  108  7:30  Marine  
  108  7:31  Marine  
  108  7:35  Siege Tank  
  108  7:36  Medivac  
  115  7:38  Marine  
  115  7:41  Marauder  
  115  7:43  Marauder  
  118  7:45  Marine  
  118  7:46  Marine  
  118  7:48  Marine x2  
  118  7:49  Supply Depot  
  118  7:50  Supply Depot  
  121  7:52  Terran Infantry Armor Level 2  
  121  7:55  Terran Infantry Weapons Level 2  
  121  7:56  Concussive Shells  
  121  7:57  Marauder  
  122  7:59  Barracks Tech Lab x2  
  122  8:00  Barracks Tech Lab  
  122  8:03  Marauder  
  122  8:05  Marine, Marauder  
  123  8:07  Marine, Siege Tank  
  127  8:14  Marine  
  127  8:15  Medivac  
  127  8:18  Marauder  
  132  8:22  Supply Depot  
  132  8:23  Supply Depot  
  132  8:24  Marauder x2  
  132  8:25  Marauder  
  142  8:27  Marauder  
  140  8:34  SCV  
  141  8:42  Command Center  
  141  8:45  Marine x2, Marauder  
  141  8:46  Marine x5, Marauder  
  141  8:47  Medivac, Siege Tank  
  141  8:48  Marine  
  158  9:00  Medivac  
  160  9:03  Reaper  
  160  9:04  Marauder x2  
  165  9:10  Supply Depot  
  165  9:11  Supply Depot  
  165  9:13  Supply Depot  
  165  9:17  Supply Depot  
  165  9:19  Supply Depot  
  165  9:20  Starport, Ghost Academy  
  165  9:31  Marine  
  164  9:32  Refinery x2, Medivac, Marauder x2  
  164  9:33  Siege Tank, Medivac, Marauder  
  177  9:44  Marauder  
  168  9:46  Marauder  
  168  9:47  Marine, Marauder  
  173  9:57  Marine, Marauder  
  176  10:03  Marine  
  176  10:04  Marine x2, Marauder  
  176  10:05  Marine x2, Siege Tank  
  165  10:07  Marine  
  165  10:08  Marine  
  144  10:14  Marine  
  144  10:18  Marine  
Tags
 
Add a new tag
Caveats
  • Supply blocks, unpowered buildings, or Contaminate may cause inaccurate times.
  • Supply counts are checked every 10 seconds.